 Dungeon Crawl Stone Soup version 0.21-a0-228-g14ccbf3 (webtiles) character file.

6510 Ijustatesigmund the Fighter (level 11, -8/90 HPs)
             Began as a Formicid Fighter on Aug 31, 2017.
             Was a Priest of Cheibriados.
             Killed by divine providence
             ... invoked by an orc priest
              (9 damage)
             ... on level 14 of the Dungeon.
             The game lasted 00:23:28 (8671 turns).

Ijustatesigmund the Fighter (Formicid Fighter)      Turns: 8671, Time: 00:23:28

Health: -8/90      AC: 15    Str: 29    XL:     11   Next: 20%
Magic:  9/17       EV: 10    Int: 14    God:    Cheibriados [***...]
Gold:   397        SH: 12    Dex: 23    Spells: 10/10 levels left

rFire    . . .     SeeInvis +   a - +1 quarterstaff
rCold    . . .     Gourm    .   c - +0 shield
rNeg     . . .     Faith    .   e - +1 chain mail
rPois    .         Spirit   .   (helmet unavailable)
rElec    .         Reflect  .   (no cloak)
rCorr    .         Harm     .   p - +0 pair of gloves
MR       +....                  b - +0 pair of boots
Stlth    ..........             (no amulet)
HPRegen  0.25/turn              w - ring of teleportation (curse)
MPRegen  0.15/turn              (no ring)

@: very slow
A: permanent stasis, dig shafts and tunnels, four strong arms, antennae 3, fangs
1, iridescent scales 1, agile 1, dopey 1
a: Dig, Shaft Self, Bend Time, Temporal Distortion, Renounce Religion


You were on level 14 of the Dungeon.
You worshipped Cheibriados.
Cheibriados was most pleased with you.
You were near starving.

You visited 1 branch of the dungeon, and saw 12 of its levels.
You also visited: Ossuary.

You collected 473 gold pieces.
You spent 76 gold pieces at shops.

Inventory:

Hand Weapons
 a - a +1 quarterstaff (weapon)
Missiles
 u - 7 steel tomahawks (quivered)
Armour
 b - a +0 pair of boots (worn)
 c - a +0 shield (worn)
 e - a +1 chain mail (worn)
 p - a +0 pair of gloves (worn)
Jewellery
 g - an uncursed ring of fire
 w - a cursed ring of teleportation (left hand)
Wands
 z - a wand of flame (29/48)
 B - a wand of flame (15/48)
Scrolls
 h - 6 scrolls of identify
 n - 2 scrolls of magic mapping
 q - a scroll of immolation
 r - 2 scrolls of fog
 v - 2 scrolls of recharging
 x - 2 scrolls of remove curse
Potions
 d - 2 potions of might
 j - 2 potions of heal wounds
 k - 3 potions of agility
 m - 5 potions of curing
 o - a potion of flight
 t - a potion of brilliance
Books
 l - a book of Minor Magic

   Spells                             Type                      Level
   a - Magic Dart                     Conjuration                  1
   b - Blink                          Translocation                2
   c - Call Imp                       Summoning                    2
   d - Slow                           Hexes                        2
   e - Conjure Flame                  Conjuration/Fire             3
   f - Mephitic Cloud                 Conjuration/Poison/Air       3
 y - a book of Conjurations

   Spells                             Type                      Level
   a - Magic Dart                     Conjuration                  1
   b - Searing Ray                    Conjuration                  2
   c - Dazzling Spray                 Conjuration/Hexes            3
   d - Fulminant Prism                Conjuration/Hexes            4
   e - Force Lance                    Conjuration/Translocation    4
   f - Iskenderun's Mystic Blast      Conjuration                  4
Comestibles
 f - 14 bread rations
 i - 4 fruits
 A - 2 royal jellies
 C - a meat ration
 D - 4 chunks of flesh


   Skills:
 + Level 9.9 Fighting
 + Level 9.6 Staves
 - Level 6.3 Armour
 - Level 3.4 Dodging
 - Level 5.2 Shields
 + Level 9.0 Invocations


You had 10 spell levels left.
You didn't know any spells.

Dungeon Overview and Level Annotations

Branches:
Dungeon (11/15)            Temple (0/1) D:6             Orc (0/2) D:9
   Lair: D:8-11

Altars:
Ashenzari
Cheibriados
Elyvilon
Hepliaklqana
Kikubaaqudgha
Makhleb
Sif Muna
Trog
Vehumet
Xom
Yredelemnul
Zin

Shops:
D:4 *!

Portals:
Labyrinth: D:14

Annotations:
D:4 Dowan, Duvessa


Innate Abilities, Weirdness & Mutations

You cannot be hasted, slowed, berserked, paralysed or teleported.
You can dig through walls and to a lower floor.
Your four strong arms can wield two-handed weapons with a shield.
You have a pair of large antennae on your head. (SInv)
You have very sharp teeth.
You are partially covered in iridescent scales. (AC +2)
You are agile. (Dex +2)
You are dopey. (Int -2)


Message History

An orc priest comes into view. It is wielding a hand axe.
You are no longer corroded.
The hell hound breathes flames at you. The blast of flame hits you!
* * * LOW HITPOINT WARNING * * *
You hear a shout!
You hear a bark!
You hear a bellow!
An orc warrior comes into view. It is wielding an antimagic war axe.
You see here a wand of clouds (?/9).
You warp the flow of time around you!
You feel somewhat more hungry.
You feel much better.
You are engulfed in blazing flames.
* * * LOW HITPOINT WARNING * * *
The orc warrior shouts!
The orc priest shouts!
The hell hound bites you but does no damage.
You block the yak's attack. The hell hound bites you.
* * * LOW HITPOINT WARNING * * *
The fire elemental hits you. The fire elemental burns you!
* * * LOW HITPOINT WARNING * * *
The orc priest mumbles some strange prayers to Beogh against you.
Beogh smites you!
You die...

.o.....
....)..###
.......#..
.......#.#######
o...>...§.......
..o.$..#E###.h§
........§.§{Y{§§
.....YoY§####{§E
...∩.WY@##
......Eh#
.....:...
.........#
......#<.#
.....##... #####
##.. #..


You could see 3 yaks, a hungry ghost, 2 fire elementals, an orc warrior, a hell
hound, an orc priest and an orc.

Vanquished Creatures
  2 two-headed ogres
  The ghost of Gorglomux the Thaumaturge, a novice GnTm (D:7)
  A polar bear (D:9)
  Prince Ribbit (D:7)
  2 hippogriffs (D:7)
  A spriggan (D:7)
  3 yaks (D:9)
  A steam dragon (D:8)
  A hell hound (D:14)
  2 orc warriors (D:9)
  A black bear (D:8)
  A necrophage (D:9)
  An ice beast (D:9)
  3 sky beasts
  3 centaurs
  6 elf zombies (Ossuary)
  3 bullfrogs
  2 scorpions
  4 killer bees (D:9)
  2 howler monkeys (D:8)
  A centaur zombie (D:5)
  The ghost of p0werm0de the Ruffian, a weakling VSAK of Lugonu (D:3)
  2 crimson imps (D:6)
  A hound (D:9)
  6 human zombies (Ossuary)
  2 jellies
  A bullfrog zombie (D:6)
  6 orc priests
  7 orc wizards
  2 iguanas
  7 worker ants
  3 mummies (Ossuary)
  A killer bee simulacrum (D:9)
  3 gnolls (D:7)
  A howler monkey skeleton (D:4)
  8 adders
  4 white imps (D:9)
  A worker ant simulacrum (D:9)
  An ooze (D:1)
  3 dart slugs
  An adder simulacrum (D:9)
  A leopard gecko (D:1)
  44 orcs
  6 bats
  2 giant cockroaches
  8 goblins
  9 hobgoblins
  6 jackals
  3 quokkas
  A ball python skeleton (D:6)
  5 frilled lizards
  A goblin zombie (D:8)
  A jackal simulacrum (D:9)
  13 kobolds
  A quokka zombie (D:9)
  8 rats
  A rat zombie (D:8)
213 creatures vanquished.

Vanquished Creatures (others)
  A yak (D:14)
1 creature vanquished.

Grand Total: 214 creatures vanquished

Notes
Turn   | Place    | Note
-------+----------+-------------------------------------------
     0 | D:1      | Ijustatesigmund the Formicid Fighter began the quest for the Orb.
     0 | D:1      | Reached XP level 1. HP: 18/18 MP: 1/1
    97 | D:1      | Reached XP level 2. HP: 21/24 MP: 2/2
   315 | D:1      | Reached XP level 3. HP: 28/30 MP: 3/3
   950 | D:2      | Reached XP level 4. HP: 24/37 MP: 4/4
  2000 | D:3      | Noticed p0werm0de's ghost (weakling VSAK)
  2008 | D:3      | Killed p0werm0de's ghost
  2008 | D:3      | Reached XP level 5. HP: 31/43 MP: 5/5
  2172 | D:3      | Found a bloodstained altar of Trog.
  2413 | D:4      | Found Tiliff's Distillery.
  2417 | D:4      | Bought a potion of heal wounds for 50 gold pieces
  2428 | D:4      | Found Yhufrad's General Store.
  2433 | D:4      | Bought a scroll of identify for 26 gold pieces
  2564 | D:4      | Noticed Duvessa
  2564 | D:4      | Noticed Dowan
  2581 | D:4      | HP: 2/43 [Dowan/puff of flame (10)]
  2582 | D:4      | You fall through a shaft for 2 floors!
  2662 | D:5      | Entered Level 5 of the Dungeon
  2888 | D:6      | Reached XP level 6. HP: 49/49 MP: 6/6
  2948 | D:5      | Reached skill level 5 in Staves
  3123 | D:5      | Got a crude leather armour
  3134 | D:5      | Identified the +0 leather armour "Nunyiq" {MP+9 Str+4 Dex+3 SInv} (You found it on level 5 of the Dungeon)
  3290 | D:5      | Reached skill level 5 in Fighting
  3452 | D:5      | Reached XP level 7. HP: 44/56 MP: 7/7
  3872 | D:6      | Found a snail-covered altar of Cheibriados.
  3880 | D:6      | Became a worshipper of Cheibriados the Contemplative
  3929 | D:6      | Reached skill level 1 in Invocations
  3972 | D:6      | Gained mutation: You have very sharp teeth. [potion of mutation]
  3972 | D:6      | Gained mutation: You are dopey. (Int -2) [potion of mutation]
  3972 | D:6      | Gained mutation: You are partially covered in iridescent scales. (AC +2) [potion of mutation]
  3972 | D:6      | Gained mutation: You are agile. (Dex +2) [potion of mutation]
  4265 | D:6      | Found a staircase to the Ecumenical Temple.
  4808 | D:7      | Reached XP level 8. HP: 64/64 MP: 9/9
  4848 | D:7      | You fall through a shaft!
  4973 | D:8      | Found a sand-covered staircase.
  4981 | Ossuary  | Entered an ossuary
  5179 | Ossuary  | Reached skill level 5 in Armour
  5402 | Ossuary  | Reached * piety under Cheibriados
  5448 | D:8      | Reached XP level 9. HP: 71/71 MP: 12/12
  5675 | D:8      | Reached skill level 5 in Invocations
  5875 | D:8      | Noticed a two-headed ogre
  5886 | D:8      | Killed a two-headed ogre
  5912 | D:8      | Reached skill level 5 in Shields
  6219 | D:7      | Found a burning altar of Makhleb.
  6233 | D:7      | Noticed Gorglomux's ghost (novice GnTm)
  6252 | D:7      | Killed Gorglomux's ghost
  6252 | D:7      | Reached skill level 1 in Dodging
  6252 | D:7      | Reached XP level 10. HP: 74/80 MP: 13/15
  6452 | D:7      | Got a jewelled war axe
  6453 | D:7      | Identified the +3 war axe of Gluttony {drain, rPois Str-4 Dex+5} (You found it on level 7 of the Dungeon)
  6640 | D:7      | Reached ** piety under Cheibriados
  6652 | D:7      | Noticed Prince Ribbit
  6661 | D:7      | Killed Prince Ribbit
  6889 | D:8      | Found a glowing silver altar of Zin.
  7731 | D:9      | Found a radiant altar of Vehumet.
  7731 | D:9      | Found a basalt altar of Yredelemnul.
  7736 | D:9      | Found a white marble altar of Elyvilon.
  7741 | D:9      | Found a shimmering altar of Xom.
  7742 | D:9      | Found an ancient bone altar of Kikubaaqudgha.
  7782 | D:9      | Reached *** piety under Cheibriados
  7993 | D:9      | Found a staircase to the Orcish Mines.
  8015 | D:9      | Reached **** piety under Cheibriados
  8204 | D:9      | Reached XP level 11. HP: 71/89 MP: 17/17
  8497 | D:9      | Found a hazy altar of Hepliaklqana.
  8498 | D:9      | Found a shattered altar of Ashenzari.
  8515 | D:9      | Noticed a two-headed ogre
  8525 | D:9      | Killed a two-headed ogre
  8602 | D:9      | Found a deep blue altar of Sif Muna.
  8659 | D:9      | You fall through a shaft for 2 floors!
  8659 | D:11     | Noticed an eight-headed hydra
  8662 | D:11     | You fall through a shaft for 2 floors!
  8666 | D:13     | You fall through a shaft!
  8666 | D:14     | Found a labyrinth entrance.
  8666 | D:14     | Noticed Azrael
  8671 | D:14     | HP: 1/90 [fire elemental[Azrael] (8)]
  8671 | D:14     | Killed from afar by an orc priest

Vault maps used:
D:1:      dpeg_arrival_simpleton_c, hex_tiny
D:2:      first_bread, minmay_tall_x
D:3:      minmay_goblin_kobold_castle, nicolae_overflow_hidden_temple,
          minmay_goblin_kobold_house
D:4:      serial_shops, shop, shop_fountains, shop, nicolae_shop_behind_doors,
          uniq_crazy_yiuf_cottage, uniq_duvessa
D:5:      corexii_shack_village
D:6:      lemuel_round_altar, temple_statues, nicolae_zen_rock_garden
D:7:      lemuel_doored_altar, the_bakery, uniq_prince_ribbit1
D:8:      zin_academy, enter_ossuary_4, st_stairs_11, small_statue_intersection
D:9:      hangedman_ru_absence, overflow_temple_1_default,
          chequers_temple_overflow_minitemple, gammafunk_temple_overflow_statue,
          hiddenorc2_lemuel, serial_ice, serial_ice_e, serial_ice_g,
          serial_ice_k, serial_ice_o, serial_ice_f, serial_ice_m, serial_ice_c
D:11:     minmay_lair_entry_lava
D:13:     grunt_vaults_entry_fortified, serial_glass, glass_columns_a,
          glass_columns_a
D:14:     minmay_triangles_in_corner, lab_entry_generic, basic_altar,
          corexii_hall_statues_s, hangedman_cracks_in_the_wall, uniq_louise,
          uniq_agnes, uniq_azrael
Ossuary:  ossuary_minmay_four_chambers

Skill      XL: |  1  2  3  4  5  6  7  8  9 10 11 |
---------------+----------------------------------+-----
Staves         | 3 4 5 6 8 9 |  9.6
Fighting       | 4 5 6 8 9 |  9.9
Armour         | 4 6 |  6.3
Invocations    | 2 4 6 8 9 |  9.0
Shields        | 5 |  5.2
Dodging        | 1 3 |  3.4

Action                   |  1- 3 |  4- 6 |  7- 9 | 10-12 || total
-------------------------+-------+-------+-------+-------++-------
Melee: Quarterstaff      |   107 |   192 |   365 |   310 ||   974
       Bite              |       |       |    53 |    58 ||   111
Throw: Tomahawk          |       |       |     3 |     9 ||    12
Invok: Slouch            |       |       |       |     1 ||     1
       Temporal Distorti |       |       |       |     1 ||     1
 Abil: Dig               |     1 |     6 |       |     1 ||     8
       Shaft Self        |       |     1 |     1 |     3 ||     5
  Use: Potion            |     1 |       |     3 |     2 ||     6
       Scroll            |       |    11 |     5 |     3 ||    19
  Eat: Chunk             |       |     7 |     4 |     4 ||    15
       Fruit             |       |     2 |     2 |       ||     4
       Royal jelly       |       |       |     2 |       ||     2
Armor: Scale mail        |    38 |     9 |       |       ||    47
       Chain mail        |       |    73 |   160 |   112 ||   345
Dodge: Dodged            |    35 |    48 |    81 |   100 ||   264
Block: Shield            |    55 |    82 |   156 |   180 ||   473

Table legend:
 A = Spawn XP
 B = Non-spawn XP
 C = Spawn XP percentage of total XP
 D = Spawn monster count
 E = Non-spawn monster count
 F = Spawn count percentage of total count
 G = Total turns spent on level
                    A         B        C        D         E        F      G
               +---------+---------+-------+---------+---------+-------+---------
         Total |     588 |    8713 |   6.3 |      17 |     196 |   8.0 |  8671
               +---------+---------+-------+---------+---------+-------+---------
           D:1 |      13 |      35 |  27.1 |       1 |      17 |   5.6 |   821
           D:2 |      17 |      47 |  26.6 |       4 |      22 |  15.4 |  1107
           D:3 |       4 |     105 |   3.7 |       3 |       9 |  25.0 |   416
           D:4 |       0 |      14 |   0.0 |       0 |       1 |   0.0 |   238
           D:5 |     114 |     178 |  39.0 |       2 |      17 |  10.5 |  1112
           D:6 |      81 |     390 |  17.2 |       3 |      11 |  21.4 |   947
           D:7 |     256 |    1703 |  13.1 |       2 |      16 |  11.1 |   854
           D:8 |      36 |    1907 |   1.9 |       1 |      15 |   6.2 |  1216
           D:9 |      67 |    3220 |   2.0 |       1 |      69 |   1.4 |  1514
          D:14 |       0 |     220 |   0.0 |       0 |       4 |   0.0 |     5
       Ossuary |       0 |     894 |   0.0 |       0 |      15 |   0.0 |   434
               +---------+---------+-------+---------+---------+-------+---------
